AoeStats
← Jorgex

Arena

509957278Analyzed
4v4 RM · 3d ago on Sep 28, 2026· 67m 5s· 8 players
Game mode
Random Map
Map size
Large (8 player)
Population
200
Speed
Normal
Resources
Standard
Victory
Conquest
Starting age
Dark Age
Ending age
Imperial Age
RankedLock teamsTeams togetherTeam positionsShared explorationLock speedFull tech treeHidden civsTurbo modeCheats
Victory
Defeat
🇮🇱 Lithuanians · Israel
522
+12
🇨🇦 Bohemians · Canada
500
+13
🇧🇴 Bengalis · Bolivia
451
+15
🇧🇴 Danes · Bolivia
385
+19
🇪🇸 Khmer · Spain
484
-17
🇹🇷 Romans · Türkiye
452
-15
🇹🇷 Varangians · Türkiye
412
-14
🇹🇷 Huns · Türkiye
387
-13
MCK
13:20 Feudal Age
13:43 Horse Collar
13:51 Double-Bit Axe
14:01 Gold Mining
16:54 Wheelbarrow
23:36 Castle Age
24:49 Hand Cart
25:19 Bow Saw
26:09 Heavy Plow
28:15 Stone Mining
29:04 Gold Shaft Mining
33:12 Caravan
36:09 Imperial Age
37:30 Parthian Tactics
37:15 Thumb Ring
37:41 Ballistics
39:46 Forging
39:27 Fletching
39:37 Padded Archer Armor
44:00 Chemistry
43:48 Iron Casting
43:08 Bodkin Arrow
43:29 Leather Archer Armor
43:26 Scale Barding Armor
46:51 Coinage
46:34 Heavy Cavalry Archer
49:01 Banking
48:43 Bracer
51:57 Two-Man Saw
51:05 Loom
52:27 Chain Barding Armor
53:14 Blast Furnace
53:31 Conscription
53:55 Elite Tarkan
victorserranoalcazar
0:28 Loom
11:45 Feudal Age
13:15 Wheelbarrow
12:48 Double-Bit Axe
12:59 Horse Collar
16:05 Gold Mining
19:24 Castle Age
20:21 Husbandry
20:32 Bloodlines
21:08 Gold Shaft Mining
22:15 Bow Saw
22:08 Heavy Plow
23:25 Stone Mining
25:08 Stone Shaft Mining
24:55 Hand Cart
26:34 Scale Barding Armor
29:04 Chain Barding Armor
34:15 Imperial Age
32:30 Caravan
33:34 Forging
35:18 Iron Casting
35:55 Conscription
35:44 Tusk Swords
36:53 Pikeman
37:30 Halberdier
38:25 Town Watch
38:04 Elite Ballista Elephant
38:53 Cavalier
40:45 Plate Barding Armor
40:30 Town Patrol
42:29 Ballistics
42:23 Masonry
43:27 Chemistry
46:23 Light Cavalry
49:57 Hussar
51:58 Blast Furnace
50:58 Scale Mail Armor
51:03 Padded Archer Armor
50:55 Fletching
51:40 Architecture
51:23 Double Crossbow
bacan4242
0:51 Loom
11:43 Feudal Age
13:22 Wheelbarrow
13:57 Horse Collar
14:13 Double-Bit Axe
21:49 Castle Age
23:47 Hand Cart
23:07 Man-at-Arms
23:48 Squires
23:09 Pikeman
24:49 Bow Saw
24:48 Heavy Plow
26:09 Gold Mining
26:09 Stone Mining
29:06 Fletching
29:16 Padded Archer Armor
29:27 Forging
29:17 Scale Mail Armor
29:23 Scale Barding Armor
35:05 Imperial Age
32:42 Long Swordsman
37:29 Bodkin Arrow
38:10 Iron Casting
38:44 Caravan
39:26 Leather Archer Armor
41:16 Chemistry
45:04 Crop Rotation
45:40 Heavy Scorpion
49:47 Ballistics
49:17 Guard Tower
49:24 Murder Holes
50:55 Ballistas
50:15 Elite Centurion
53:08 Fortified Wall
52:49 Guard Tower
53:09 Clinker Construction
53:10 Masonry
55:20 Onager
KADIOGLU
0:30 Loom
11:35 Feudal Age
12:12 Horse Collar
12:21 Double-Bit Axe
13:47 Wheelbarrow
14:26 Town Watch
17:10 Gold Mining
18:41 Stone Mining
22:28 Castle Age
22:00 Forging
21:51 Scale Mail Armor
23:51 Hand Cart
23:19 Man-at-Arms
26:00 Town Patrol
27:54 Iron Casting
27:35 Chain Mail Armor
27:57 Bow Saw
28:13 Long Swordsman
28:39 Gambesons
28:55 Squires
28:41 Arson
30:30 Caravan
30:54 Chain Mail Armor
30:57 Heavy Plow
36:43 Masonry
36:44 Fortified Wall
36:24 Heated Shot
36:55 Ballistics
36:15 Treadmill Crane
36:31 Murder Holes
36:28 Guard Tower
38:29 Stone Shaft Mining
40:11 Vendel Legacy
41:33 Pikeman
45:32 Imperial Age
46:54 Architecture
46:29 Siege Engineers
47:13 Conscription
46:40 Gothikon
47:32 Capped Ram
47:38 Halberdier
48:01 Two-Handed Swordsman
50:15 Blast Furnace
49:45 Plate Mail Armor
50:55 Elite Varangian Guard
51:40 Fletching
51:51 Padded Archer Armor
51:56 Scale Barding Armor
52:44 Guilds
52:50 Light Cavalry
53:41 Bloodlines
55:24 Elite Jarl
58:34 Heavy Scorpion
58:35 Siege Ram
67:27 Husbandry
DAZACO
1:29 Loom
12:53 Feudal Age
17:10 Castle Age
15:29 Double-Bit Axe
15:52 Horse Collar
19:38 Heavy Plow
23:34 Wheelbarrow
24:05 Chemistry
23:39 Bow Saw
25:11 Padded Archer Armor
27:13 Hand Cart
26:44 Loom
26:45 Town Watch
30:30 Leather Archer Armor
32:31 Ballistics
32:28 Fortified Wall
32:30 Masonry
32:12 Guard Tower
32:35 Town Patrol
33:07 Caravan
33:15 Elite Skirmisher
38:07 Imperial Age
38:37 Fervor
38:48 Sanctity
38:33 Atonement
38:40 Devotion
39:26 Wagenburg Tactics
38:44 Elite Hussite Wagon
40:06 Ring Archer Armor
40:46 Scale Mail Armor
40:39 Fletching
41:28 Architecture
41:04 Siege Engineers
41:35 Keep
40:47 Arrowslits
41:54 Bombard Tower
43:53 Bodkin Arrow
44:00 Scale Mail Armor
44:10 Forging
44:55 Pikeman
45:36 Squires
45:22 Arson
47:30 Houfnice
50:27 Hussite Reforms
49:55 Halberdier
50:55 Chain Mail Armor
51:16 Iron Casting
DanielvonLIcht
9:26 Feudal Age
10:10 Double-Bit Axe
10:15 Horse Collar
15:16 Gold Mining
22:19 Castle Age
23:16 Heavy Plow
22:47 Light Cavalry
28:02 Wheelbarrow
31:48 Hand Cart
31:39 Pikeman
33:51 Bow Saw
37:17 Scale Barding Armor
37:15 Scale Mail Armor
37:31 Forging
44:39 Imperial Age
45:00 Winged Hussar
47:03 Stone Mining
54:17 Chemistry
El Messias
12:04 Feudal Age
12:35 Double-Bit Axe
26:01 Wheelbarrow
29:23 Castle Age
30:16 Gold Mining
31:47 Bow Saw
32:20 Gold Shaft Mining
32:25 Squires
31:45 Pikeman
32:12 Arson
33:21 Forging
33:11 Scale Mail Armor
36:54 Caravan
37:20 Hand Cart
38:10 Ballistics
37:43 Guard Tower
40:00 Iron Casting
39:27 Padded Archer Armor
40:53 Chain Mail Armor
40:29 Fletching
44:08 Loom
46:53 Imperial Age
44:09 Town Watch
46:03 Leather Archer Armor
45:44 Bodkin Arrow
48:17 Bracer
48:47 Ring Archer Armor
48:24 Scale Barding Armor
49:22 Chemistry
48:58 Keep
48:19 Murder Holes
48:30 Siege Engineers
48:20 Stone Mining
49:00 Crossbowman
49:46 Thumb Ring
49:02 Elite Skirmisher
50:16 Plate Mail Armor
50:47 Blast Furnace
50:00 Masonry
49:38 Arrowslits
49:18 Halberdier
49:19 Elite Varangian Guard
50:22 Elite Jomsviking
51:38 Hoardings
50:24 Hamask
50:25 Northmen's Fury
51:25 Conscription
51:45 Stone Shaft Mining
51:30 Heavy Scorpion
51:30 Onager
52:40 Chain Barding Armor
55:22 Onager
56:46 Plate Barding Armor
55:42 Capped Ram
56:44 Siege Ram
59:59 Heated Shot
Jorgex
0:38 Loom
13:27 Feudal Age
14:14 Double-Bit Axe
14:14 Horse Collar
15:50 Wheelbarrow
16:51 Gold Mining
17:00 Town Watch
21:04 Bloodlines
21:11 Stone Mining
21:26 Scale Mail Armor
22:13 Scale Barding Armor
23:07 Forging
26:25 Castle Age
27:56 Bow Saw
28:03 Chain Mail Armor
28:53 Gold Shaft Mining
29:04 Hand Cart
28:28 Pikeman
29:10 Squires
30:08 Heavy Plow
30:33 Chain Barding Armor
30:05 Arson
32:19 Husbandry
32:38 Caravan
32:43 Padded Archer Armor
33:25 Paiks
37:14 Imperial Age
35:14 Gambesons
36:07 Light Cavalry
39:12 Plate Barding Armor
39:17 Crop Rotation
40:35 Two-Man Saw
40:41 Guilds
41:24 Leather Archer Armor
41:44 Fortified Wall
41:44 Halberdier
42:49 Conscription
43:48 Coinage
44:56 Elite Battle Elephant
46:51 Iron Casting
47:52 Mahayana
48:16 Banking
47:44 Fletching
48:27 Town Patrol
49:30 Chemistry
48:01 Heavy Scorpion
49:34 Elite Skirmisher
54:45 Ballistics
55:28 Blast Furnace
60:23 Siege Elephant
65:08 Ring Archer Armor
64:33 Bodkin Arrow
67:27 Bracer
Connection lost

Rejoining the realm…

Still unreachable

The connection could not be restored.

Session expired

The server has moved on; the page needs a fresh start.